 Dungeon Crawl Stone Soup version 0.28-a0-563-gf77a47075d (webtiles) character file.

Game seed: 1621944038717724320

66 siradein the Ruffian (level 3, -9/29 HPs)
             Began as a Draconian Transmuter on Oct 1, 2021.
             Killed by divine providence
             ... invoked by an orc priest
              (12 damage)
             ... on level 3 of the Dungeon.
             The game lasted 00:02:36 (2441 turns).

siradein the Ruffian (Draconian Transmuter)         Turns: 2441, Time: 00:02:37

Health: -9/29      AC:  5    Str: 13    XL:     3   Next: 96%
Magic:  6/6        EV: 12    Int: 13    God:
Gold:   38         SH:  0    Dex: 11    Spells: 1/7 levels left

rFire   . . .      SeeInvis .     - Unarmed
rCold   . . .      Faith    .   (no shield)
rNeg    . . .      Spirit   .   (armour unavailable)
rPois   .          Reflect  .   (helmet restricted)
rElec   .          Harm     .   (no cloak)
rCorr   .          Rampage  .   (no gloves)
Will    .....                   (no boots)
Stlth   +.........              (no amulet)
HPRegen 0.09/turn               (no ring)
MPRegen 0.10/turn               (no ring)

@: no status effects
A: AC +5, unfitting armour, cold-blooded
a: no special abilities


You were on level 3 of the Dungeon.
You visited 1 branch of the dungeon, and saw 3 of its levels.

You collected 38 gold pieces.

Inventory:

Missiles
 g - 8 poisoned darts
Jewellery
 d - a ring of ice
 j - an amulet of faith
Wands
 i - a wand of iceblast (8)
Scrolls
 b - a scroll of magic mapping {unknown}
 e - a scroll of summoning {unknown}
 h - a scroll of acquirement {unknown}
 k - 3 scrolls of identify {unknown}
Potions
 a - a potion of degeneration {unknown}
 c - a potion of heal wounds {unknown}
 f - a potion of lignification {unknown}


   Skills:
 + Level 2.0 Fighting
 + Level 2.3 Dodging
 + Level 3.4 Unarmed Combat
 + Level 2.5 Spellcasting
 + Level 2.5 Transmutations


You had one spell level left.
You knew the following spells:

 Your Spells              Type           Power      Damage    Failure   Level
a - Beastly Appendage     Tmut           16%        N/A       9%          1
b - Wereblood             Tmut           8%         N/A       13%         2
c - Spider Form           Tmut/Pois      2%         N/A       41%         3

Your spell library contained the following spells:

 Spells                   Type           Power      Damage    Failure   Level
 Ice Form                 Ice/Tmut       4%         N/A       82%         4


Dungeon Overview and Level Annotations

Branches:
Dungeon (3/15)

Altars:
Dithmenos


Innate Abilities, Weirdness & Mutations

Your plain brown scales are hard. (AC +5)
You cannot fit into any form of body armour.
You are cold-blooded and may be slowed by cold attacks.


Message History

Confirm with . or Enter, or press ? or * to list all spells.
Okay, then.
An orc priest comes into view. It is wielding a +0 club.
The orc priest shouts!
The ball python hisses angrily.
You hear a shout!
The orc priest casts a cantrip, but nothing happens.
Things that are here:
a +0 dagger; a goblin corpse
Found a shadowy altar of Dithmenos.
Your transformation is almost over.
An orc wizard comes into view. It is wielding a +0 dagger.
The ball python bites you but does no damage.
The ball python closely misses you.
An orc comes into view. It is wielding a +0 club.
You completely miss the ball python.
The orc shouts!
Your kick misses the ball python.
You hear a shout!
The ball python closely misses you. x2
The orc priest invokes the aid of Beogh against you.
Beogh smites you!
The orc wizard casts a spell.
The orc wizard flickers and vanishes!
Deactivating autopickup; reactivate with Ctrl-A.
The ball python bites you but does no damage.
The ball python grabs you. The ball python constricts you.
Things that are here:
a +0 dagger; a goblin corpse Unknown command.
You escape the ball python's grasp.
You see here a +0 leather armour.
You see here a dart slug corpse.
Your horns disappear.
Your talons disappear.
The ball python bites you but does no damage.
The ball python barely misses you.
The orc priest mumbles some strange prayers to Beogh against you.
Beogh smites you!
* * * LOW HITPOINT WARNING * * *
The orc priest calls down the wrath of Beogh upon you.
Beogh smites you!
You die...

#.# #.# #†#
#o#######
##........
##...≈≈≈≈≈.
##...####≈≈≈
#S.##.#.###≈
##@≈≈##..#.#
#..≈≈#.....# ..
#.≈≈≈#####.# ≈..
#[≈≈≈≈≈≈≈#.######..
#.≈≈≈≈≈≈≈#.........
#.≈≈≈≈≈≈≈#.######.#
#.≈≈≈≈≈###†#≈≈≈≈≈.#
#..≈≈≈##...#≈≈≈≈..#
##.≈≈##.##.#≈≈≈≈...


You could see an orc priest and a ball python.

Vanquished Creatures
  Terence (D:2)
  An adder (D:2)
  3 dart slugs
  4 endoplasms
  A giant cockroach (D:2)
  2 goblins
  3 hobgoblins
  A quokka (D:1)
  A ball python (D:1)
  2 bats (D:1)
  A frilled lizard (D:2)
  3 kobolds
  3 rats
26 creatures vanquished.

Notes
Turn   | Place    | Note
-------+----------+-------------------------------------------
     0 | D:1      | siradein the Draconian Transmuter began the quest for the
                  | Orb.
     0 | D:1      | Reached XP level 1. HP: 16/16 MP: 3/3
   536 | D:1      | Reached XP level 2. HP: 23/23 MP: 3/5
  1147 | D:2      | Found a faded altar of an unknown god.
  1186 | D:2      | Reached XP level 3. HP: 24/29 MP: 4/6
  1694 | D:3      | Noticed Terence
  1704 | D:2      | HP: 1/29 [Terence (3)]
  2017 | D:1      | Learned a level 2 spell: Wereblood
  2021 | D:1      | Learned a level 3 spell: Spider Form
  2046 | D:2      | Killed Terence
  2428 | D:3      | Found a shadowy altar of Dithmenos.
  2441 | D:3      | Killed from afar by an orc priest

Illustrated notes

Levels and vault maps discovered:
D:1:      dpeg_arrival_arbitrary_a, layout_rooms
D:2:      layout_loops_ring, hellmonk_ecumenical_altar_heavens_door
D:3:      layout_basic, nicolae_dithmenos_the_darkroom,
          mainiacjoe_overflow_brackets, minmay_misc_feat_pillars,
          kennysheep_cluttered_room, minmay_misc_feat_enclosed, hex_tiny,
          grunt_decor_junction, corexii_hall_statues_i, uniq_terence

Skill      XL: |  1  2  3 |
---------------+----------+-----
Dodging        | 2 |  2.3
Fighting       | 2 |  2.0
Unarmed Combat | |  3.4
Spellcasting   | |  2.5
Transmutations | |  2.5

Action                   || total
-------------------------++-------
Melee: Unarmed           ||    82
       Headbutt          ||    12
       Kick              ||    21
       Tailslap          ||     7
 Cast: Beastly Appendage ||    23
 Stab: Sleeping          ||     1
Armor: Skin              ||    21
Dodge: Dodged            ||    43

Table legend: (Time is in decaauts)
 A = Elapsed time spent in this place.
 B = Non-inter-level travel time spent in this place.
 C = Inter-level travel time spent in this place.
 D = Time resting spent in this place.
 E = Time spent auto-exploring this place.
 F = Levels seen in this place.
 G = Mean time per level.
                   A        B        C        D        E       F      G
               +--------+--------+--------+--------+--------+-----+--------+
         Total |   2438 |   2399 |     39 |    283 |   1810 |   3 |  812.7 |
       Dungeon |   2438 |   2399 |     39 |    283 |   1810 |   3 |  812.7 |
               +--------+--------+--------+--------+--------+-----+--------+

Top non-repeatable levels by time:
     D:1: 1305 daAuts
     D:2: 977 daAuts
     D:3: 155 daAuts
